 Dungeon Crawl Stone Soup version 0.28.0-53-g5a82cb258f (webtiles) character file.

Game seed: 5309573058560168486

37 infcreate the Sneak (level 3, 19/19 HPs)
             Began as a Vampire Enchanter on July 29, 2022.
             Quit the game on level 3 of the Dungeon.
             The game lasted 00:03:27 (1987 turns).

infcreate the Sneak (Vampire Enchanter)             Turns: 1987, Time: 00:03:28

Health: 19/19      AC:  2    Str:  7    XL:     3   Next: 21%
Magic:  6/6        EV: 13    Int: 17    God:
Gold:   54         SH:  5    Dex: 16    Spells: 1/6 levels left

rFire   . . .      SeeInvis +   j - +3 dagger (vamp)
rCold   + + .      Faith    .   (no shield)
rNeg    + + +      Spirit   .   b - +0 robe
rPois   ∞          Reflect  +   (no helmet)
rElec   .          Harm     .   (no cloak)
rCorr   .          Rampage  .   (no gloves)
Will    .....                   (no boots)
Stlth   +++++.....              i - amulet of reflection
HPRegen 0.06/turn               (no ring)
MPRegen 0.10/turn               (no ring)

@: bloodless
A: bloodless, fangs 3, see invisible, vampiric 2
a: Bat Form, Revivify


You were on level 3 of the Dungeon.
You visited 1 branch of the dungeon, and saw 3 of its levels.

You collected 54 gold pieces.


Innate Abilities, Weirdness & Mutations

You do not regenerate when monsters are visible.
You are frail without blood (-20% HP).
You can heal yourself when you bite living creatures.
You are immune to poison.
You have razor-sharp teeth.
You have supernaturally acute eyesight. (SInv)
You are afflicted with vampirism and can become a bat while bloodless.


   Skills:
 + Level 1.8 Short Blades
 + Level 2.6 Dodging
 + Level 5.0 Stealth
 + Level 2.3 Spellcasting
 + Level 4.9 Hexes


You had one spell level left.
You knew the following spells:

 Your Spells              Type           Power      Damage    Failure   Level
c - Confusing Touch       Hex            18%        N/A       8%          3
e - Ensorcelled Hibernat  Hex/Ice        20%        N/A       11%         2

Your spell library contained the following spells:

 Spells                   Type           Power      Damage    Failure   Level
 Tukima's Dance           Hex            18%        N/A       8%          3
 Dazzling Flash           Conj/Hex       20%        N/A       21%         3

Inventory:

Hand Weapons
 j - a +3 vampiric dagger (weapon)
Missiles
 a - 83 stones (quivered)
Armour
 b - a +0 robe (worn)
Jewellery
 i - an amulet of reflection (around neck)
Scrolls
 e - a scroll of brand weapon {unknown}
 g - a scroll of enchant weapon {unknown}
 h - a scroll of teleportation {unknown}
Potions
 c - a potion of invisibility
 f - a potion of degeneration {unknown}

Dungeon Overview and Level Annotations

Branches:
Dungeon (3/15)

Altars:

Shops:
D:2

[
......
.....#
#....#
#(...#
#....#
#....#
#....#
#@#
#.#
#:#
#..
###


There were no monsters in sight!


Message History

Casting: Ensorcelled Hibernation (safe; 11% risk of failure)
Confirm with . or Enter, or press ? or * to list all spells.
Aiming: Ensorcelled Hibernation (safe; 11% risk of failure)
Press: ? - help, Shift-Dir - straight line, f/p - kobold
Aim: a kobold, wielding a +3 vampiric dagger and quivering stones (chance to affect: 62%)
The kobold looks drowsy...
The helpless kobold fails to defend itself.
You bite the kobold, and draw its blood!
You impale the kobold!!
You kill the kobold!
Your Stealth skill increases to level 5!
a - 83 stones (gained 4)
You see here a +3 vampiric dagger.
j - a +3 vampiric dagger Your +2 dagger of venom stops dripping with poison.
You feel a bloodthirsty glee!
j - a +3 vampiric dagger (weapon)
You drop a +2 dagger of venom.
You see here a ball python skeleton.
Done exploring.
Done exploring.
Done exploring.
There is a stone staircase leading down here.
You climb downwards.
You hear the sound of rushing water.
There is an entrance to a sewer on this level.
Hurry and find it before the portal rusts away!
Found a Trismegistus Codex and 5 stones.
There is a stone staircase leading up here.
Okay, then.
Are you sure you want to abandon this character and quit the game? (Confirm with "yes".)

Skill      XL: |  1  2  3 |
---------------+----------+-----
Stealth        | 5 |  5.0
Short Blades   | |  1.8
Dodging        | |  2.6
Spellcasting   | |  2.3
Hexes          | |  4.9

Action                   || total
-------------------------++-------
Melee: Dagger            ||    46
       Bite              ||     3
 Cast: Ensorcelled Hiber ||    15
 Abil: Exsanguinate      ||     1
 Stab: Sleeping          ||    19
Armor: Robe              ||     7
Dodge: Dodged            ||    13

Levels and vault maps discovered:
D:1:      dpeg_arrival_castle, layout_loops_corners,
          hellmonk_ecumenical_altar_lost_god
D:2:      layout_basic, serial_shops, nicolae_shop_behind_doors
D:3:      layout_basic, serial_shops, nicolae_shop_hallway_plus, shop,
          nicolae_shop_hallway_stairs, shop, shop_coins,
          cheibrodos_sewer_entry_bend, bh_walls_and_bars

Notes
Turn   | Place    | Note
-------+----------+-------------------------------------------
     0 | D:1      | infcreate the Vampire Enchanter began the quest for the
                  | Orb.
     0 | D:1      | Reached XP level 1. HP: 13/13 MP: 3/3
   331 | D:1      | Found a faded altar of an unknown god.
   421 | D:1      | Reached XP level 2. HP: 15/15 MP: 5/5
   424 | D:1      | Learned a level 2 spell: Ensorcelled Hibernation
  1004 | D:2      | Found Lumainn's Armour Shop.
  1405 | D:2      | Gained mutation: You are afflicted with vampirism and can
                  | become a bat while bloodless. [Vampire growth]
  1405 | D:2      | Reached XP level 3. HP: 19/19 MP: 3/6
  1409 | D:2      | Learned a level 3 spell: Confusing Touch
  1863 | D:2      | Reached skill level 5 in Stealth
  1987 | D:3      | Quit the game

Vanquished Creatures
  A worm (D:2)
  A dart slug (D:2)
  A ball python (D:2)
  4 endoplasms
  2 giant cockroaches
  2 goblins
  2 hobgoblins
  2 quokkas (D:2)
  6 bats
  7 kobolds
28 creatures vanquished.

Table legend: (Time is in decaauts)
 A = Elapsed time spent in this place.
 B = Non-inter-level travel time spent in this place.
 C = Inter-level travel time spent in this place.
 D = Time resting spent in this place.
 E = Time spent auto-exploring this place.
 F = Levels seen in this place.
 G = Mean time per level.
                   A        B        C        D        E       F      G
               +--------+--------+--------+--------+--------+-----+--------+
         Total |   1987 |   1928 |     59 |    111 |   1476 |   3 |  662.3 |
       Dungeon |   1987 |   1928 |     59 |    111 |   1476 |   3 |  662.3 |
               +--------+--------+--------+--------+--------+-----+--------+

Top non-repeatable levels by time:
     D:1: 1050 daAuts
     D:2: 935 daAuts
     D:3: 0 daAuts

Table legend:
 A = Non-vault XP
 B = Vault XP
 C = Vault XP percentage of total XP
 D = Non-vault monster count
 E = Vault monster count
 F = Vault count percentage of total count
                 A         B        C        D         E       F
            +---------+---------+-------+---------+---------+-------
      Total |      53 |       0 |   0.0 |      28 |       0 |   0.0
            +---------+---------+-------+---------+---------+-------
        D:1 |      17 |       0 |   0.0 |      11 |       0 |   0.0
        D:2 |      36 |       0 |   0.0 |      17 |       0 |   0.0
            +---------+---------+-------+---------+---------+-------
